Unix NetHack Version 5.0.0-0 post-release - last build Jun 10 2026 00:39:30 (3ee93aec679c4c4259841fe613dc97188e26a321,branch:main).

Game began 2026-07-03 21:04:12, ended 2026-07-05 13:02:19.

Anarchos, lawful female dwarven Valkyrie

                         ---------                 ------------
                         |+[.@....#              ##|..........|
                         |....G..|#              # |..........|
                         ----.----#             ###...........-#
   -----------               #    #             ## |..........|##
   |.......`.|               #    #             #  ----------.- #
   |.........|              ##    #             #         ####  #
   |.........|          #####     #             #         #     #
   |.......f.-#####     #         #             #        ##     ##
   --.--.-----    ##    #         %             %       ##       #
     ###          #######k      ###%#     #################      #
      ##           ## -.-----    #--|--####    # ---.-----       #    e
      #               |.....|  ###|...-#      ## |.......|       #
   ####               |>[....### #|...|     ###f@........|       ##
  -.---------         +.(...|    #|...|    ## #  |.......|
  |...%<....|         -------    #|)...#####     |.......|
  |.........|                    #|..)|          |.......|
  |.....h...|                    #....|          ---------
  -----------                     -----

Anarchos the Fighter        St:18/01 Dx:11 Co:19 In:8 Wi:9 Ch:10  Lawful S:10980
Dlvl:9  $:706 HP:0(101) Pw:14(14) AC:3  Xp:8 T:7058  Strained Blind

Latest messages:
 You were wearing an uncursed +0 faded pall.
 What do you want to wear? [fxI or ?*] ?
 You are now wearing a faded pall.
 What do you want to drop? [$a-zA-EG-Z or ?*] f
 An uncursed +0 faded pall lands on the altar.
 What do you want to take off? [ckxM or ?*] k
 You finish taking off your boots.
 What do you want to wear? [kNW or ?*] W
 You finish your dressing maneuver.
 You feel yourself speed up a bit more.
 What do you want to drop? [$a-eg-zA-EG-Z or ?*] N
 You drop an uncursed burnt +0 pair of high boots.
 Where do you want to travel to?
 (For instructions type a '?')
 Unknown direction: 'l' (use '4', '2', '8', '6' or '.').
 Unknown direction: 'l' (use '4', '2', '8', '6' or '.').
 You miss the yellow light.
 The yellow light explodes!
 You are blinded by a blast of light!
 What do you want to use or apply? [degilnquCJQ-SUX or ?*] i
 Nothing seems to happen.
 Where do you want to travel to?
 (For instructions type a '?')
 A gnome queen suddenly appears!
 The black unicorn butts!
 The black unicorn kicks!
 A tiger suddenly appears close by!
 You kill the black unicorn!
 You have much trouble lifting a black unicorn corpse.  Continue? [ynq] (q) y
 You have much trouble lifting N - a black unicorn corpse.
 f - a unicorn horn.
 You stagger under your heavy load.  Movement is very hard.
 The tiger hits!
 The tiger misses!
 The tiger bites!
 The tiger hits!
 The tiger hits again!
 The tiger misses!
 The tiger hits!
 The tiger hits again!
 The tiger misses!
 A kobold lord suddenly appears!
 You hit the tiger.
 The tiger hits!
 The tiger just misses!
 The tiger bites!
 The tiger hits!
 The tiger hits again!
 You die...
 Do you want your possessions identified? [ynq] (y) q

Inventory:
 Coins    ('$')
  $ - 706 gold pieces
 Amulets  ('"')
  m - an uncursed amulet versus poison (being worn)
 Weapons  (')')
  b - a +0 dagger (at the ready)
  a - a blessed +1 dwarvish spear
  o - the blessed rustproof +5 Mjollnir (weapon in right hand)
 Armor    ('[')
  M - an uncursed rusty +0 dwarvish iron helm (being worn)
  k - an uncursed +0 pair of elven boots
  W - an uncursed +0 pair of speed boots (being worn)
  c - an uncursed +3 small shield (being worn)
  I - an uncursed +0 dwarvish cloak
  x - an uncursed +0 elven cloak (being worn)
 Comestibles  ('%')
  s - 2 uncursed slime molds
  j - an uncursed candy bar labeled "Crispy Yum Yum"
  h - a cursed pancake
  D - 3 uncursed tripe rations
  N - an uncursed black unicorn corpse
 Scrolls  ('?')
  Z - a cursed scroll of blank paper
  V - a cursed scroll of enchant weapon
  z - an uncursed scroll of light
  Y - 3 cursed scrolls of remove curse
  v - 4 uncursed scrolls of teleportation
 Spellbooks  ('+')
  g - an uncursed spellbook of confuse monster
  X - an uncursed spellbook of detect monsters
 Potions  ('!')
  t - 4 cursed potions of object detection
  G - a cursed potion of restore ability
  p - 3 uncursed potions of water
 Rings    ('=')
  w - an uncursed ring of shock resistance (on right hand)
  L - an uncursed ring of sustain ability (on left hand)
 Wands    ('/')
  d - a wand of cold (0:8)
  e - a wand of magic missile (0:8)
  C - a wand of striking (0:0)
 Tools    ('(')
  R - an uncursed leather drum
  J - a cursed magic flute (0:4)
  n - an uncursed brass lantern
  q - a magic marker (0:73)
  Q - an uncursed mirror
  l - a +0 pick-axe
  S - an uncursed skeleton key
  u - an uncursed stethoscope
  f - a +0 unicorn horn
  i - a +0 unicorn horn
 Gems/Stones  ('*')
  A - an uncursed aquamarine stone
  r - an uncursed jet stone
  E - an uncursed worthless piece of blue glass
  O - 2 uncursed worthless pieces of green glass
  H - an uncursed worthless piece of orange glass
  P - an uncursed worthless piece of red glass
  K - an uncursed worthless piece of violet glass
  B - 4 uncursed worthless pieces of white glass
  T - 3 uncursed worthless pieces of yellow glass
  y - an uncursed worthless piece of yellowish brown glass
  U - 4 uncursed flint stones

Anarchos the Valkyrie's attributes:

Background:
 You were a Fighter, a level 8 dwarven Valkyrie.
 You were lawful, on a mission for Tyr
 who was opposed by Odin (neutral) and Loki (chaotic).
 You were right-handed.
 You were in the Dungeons of Doom, on level 9.
 You entered the dungeon 7058 turns ago.
 You had 1621 experience points, 939 more were needed to attain level 9.
 Your score was 10980 before end-of-game adjustments.

Basics:
 You had 0 out of 101 hit points.
 You had all 14 energy points (spell power).
 Your armor class was 3.
 Your wallet contained 706 zorkmids.
 Autopickup was on for all types.

Final Characteristics:
 Your strength was 18/01 (limit:18/100).
 Your dexterity was 11 (limit:20).
 Your constitution was 19 (limit:20).
 Your intelligence was 8 (limit:16).
 Your wisdom was 9 (limit:16).
 Your charisma was 10 (limit:16).

Final Status:
 You were temporarily blind.
 You weren't hungry.
 You were strained; movement was very slowed.
 You were wielding a hammer.
 You had basic skill with hammer and could have enhanced that.

Final Attributes:
 You were piously aligned.
 You were cold resistant.
 You were shock resistant.
 Your items were protected from electric shocks.
 You were poison resistant.
 You would have seen invisible when not blind.
 You were telepathic.
 You had infravision.
 You were stealthy.
 You were warded.
 You were very fast.
 You had fixed abilities.
 Tyr was angry with you.
 You are dead.

Miscellaneous:
 You encountered 1 bones level.
 Total elapsed playing time was 2 hours, 50 minutes and 51 seconds.

Major events:
 Turn
    1: Anarchos the lawful dwarven Valkyrie entered the dungeon
 1006: entered the Gnomish Mines
 1379: attained the rank of Skirmisher (level 3)
 2504: attained the rank of Fighter (level 6)
 2552: reached Mine Town
 2608: was bestowed with Mjollnir by Tyr
 7058: killed by a tiger

Spells:
 Name                 Level Category     Fail Retention
 detect monsters        1   divination    87%  76%-100%
 detect treasure        4   divination   100%  76%-100%

Skills:
 Fighting Skills
   bare handed combat [Unskilled]
   two weapon combat  [Unskilled]
   riding             [Unskilled]
 Weapon Skills
   dagger             [Basic]
   axe                [Unskilled]
   pick-axe           [Unskilled]
   short sword        [Unskilled]
   broadsword         [Unskilled]
   long sword         [Unskilled]
   two-handed sword   [Unskilled]
   saber              [Unskilled]
   hammer             [Basic]
   quarterstaff       [Unskilled]
   polearms           [Unskilled]
   spear              [Skilled]
   trident            [Unskilled]
   lance              [Unskilled]
   sling              [Unskilled]
 Spellcasting Skills
   attack spells      [Unskilled]
   escape spells      [Unskilled]

Voluntary challenges:
 Character rerolling was not enabled.
 You never genocided any monsters.
 You never polymorphed an object.
 You used no wishes.
Achievements:
 You entered a shop.
 You entered the Gnomish Mines.
 You attained the rank of Skirmisher.
 You attained the rank of Fighter.
 You entered Minetown.
 You entered a temple.

 The Dungeons of Doom: levels 1 to 9
    Level 1:
       A sink.
    Level 2:
       A fountain.
    Level 3:
       A general store.
       Stairs down to The Gnomish Mines.
    Level 4:
    Level 5:
       A general store.
    Level 6:
       Some fountains.
       Oracle of Delphi.
    Level 7:
       A fountain.
    Level 8:
       A fountain, a grave.
    Level 9: <- You were here.
       A temple and an altar to Tyr.
       Final resting place for
          you, killed by a tiger.
 The Gnomish Mines: levels 4 to 8
    Level 4:
    Level 5:
       A grave.
       Final resting place for
          Slumptzy-Wiz-Hum-Mal-Neu, killed by a gnome lord.
    Level 6:
       Many shops, a temple and an altar to Tyr, a fountain, a sink.
    Level 7:
    Level 8:


Vanquished creatures:
  a ghost
  2 small mimics
 an ettin zombie
  a giant beetle
  a quivering blob
  4 wolves
  a leprechaun
 an orc-captain
  2 iron piercers
  a giant spider
 an ice vortex
 an orc mummy
  a dwarf mummy
 an ogre
  2 rust monsters
  a yeti
  a jaguar
  a blue jelly
  a gray unicorn
  a black unicorn
  a dust vortex
  a raven
  a plains centaur
  3 human zombies
  4 Woodland-elves
  3 fire ants
  a bugbear
  3 wood nymphs
  a water nymph
  2 mountain nymphs
  8 Mordor orcs
 11 Uruk-hai
  a rock piercer
  a fog cloud
  2 yellow lights
  a gnome leader
  a kobold mummy
  a red naga hatchling
  2 gray oozes
  a straw golem
  4 giant ants
  2 little dogs
  2 floating eyes
  3 homunculi
  5 hill orcs
  5 rothes
  7 monkeys
  2 wererats
  a werejackal
  8 iguanas
  a coyote
  a large kobold
  3 hobgoblins
 11 giant rats
  3 cave spiders
  a brown mold
  2 green molds
 10 gnomes
  3 garter snakes
  a gnome zombie
  2 geckos
 16 jackals
  a fox
  4 goblins
  2 sewer rats
  4 grid bugs
  a bat
  2 kobold zombies
  4 newts
186 creatures vanquished.

No species were genocided or became extinct.

Game over:
                       ----------
                      /          \
                     /    REST    \
                    /      IN      \
                   /     PEACE      \
                  /                  \
                  |     Anarchos     |
                  |      706 Au      |
                  |   killed by a    |
                  |      tiger       |
                  |                  |
                  |                  |
                  |       2026       |
                 *|     *  *  *      | *
        _________)/\\_//(\/(/\)/\//\/|_)_______

Farvel Anarchos the Valkyrie...

You died in The Dungeons of Doom on dungeon level 9 with 10910 points,
and 706 pieces of gold, after 7058 moves.
You were level 8 with a maximum of 101 hit points when you died.

